[ AOE2 MATCH · #472016722 ]
UnrankedVikings vs Aztecs
[ REPLAY ANALYSIS · EXTRACTED FROM THE RECORDED GAME ]
Feudal
10:54
Castle
27:48
Imperial
—
| APM avg | 44.5 |
| APM peak | 83 |
| eAPM avg | 15.5 |
| Villagers / military | 44 / 24 |
Focus
⚔️ 30.9% · 🌾 69.1%
Galley ×12 · Longboat ×10 · Fishing Ship ×8 · Fire Galley ×2 · Unknown (2626) ×2
Feudal
14:28
Castle
18:28
Imperial
—
| APM avg | 56.1 |
| APM peak | 103 |
| eAPM avg | 28.8 |
| Villagers / military | 88 / 18 |
Focus
⚔️ 20.6% · 🌾 79.4%
Monk ×10 · Eagle Scout ×5 · Spearman ×3
Feudal
10:31
Castle
15:05
Imperial
—
| APM avg | 33.7 |
| APM peak | 84 |
| eAPM avg | 14.7 |
| Villagers / military | 75 / 46 |
Focus
⚔️ 31.3% · 🌾 68.7%
Archer ×38 · Fishing Ship ×5 · Militia ×3 · Mangonel ×3 · Monk ×1 · Skirmisher ×1
Feudal
9:54
Castle
16:43
Imperial
—
| APM avg | 43.7 |
| APM peak | 111 |
| eAPM avg | 15.3 |
| Villagers / military | 150 / 108 |
Focus
⚔️ 23.8% · 🌾 76.2%
Cavalry Archer ×101 · Fishing Ship ×14 · Galley ×6 · Monk ×1
Feudal
11:35
Castle
17:38
Imperial
—
| APM avg | 25.8 |
| APM peak | 53 |
| eAPM avg | 15.2 |
| Villagers / military | 54 / 44 |
Focus
⚔️ 37.4% · 🌾 62.6%
Spearman ×30 · Fishing Ship ×9 · Fire Galley ×6 · Knight ×4 · Battering Ram ×3 · Unknown (2626) ×3
Feudal
8:24
Castle
14:28
Imperial
29:27
| APM avg | 34.1 |
| APM peak | 61 |
| eAPM avg | 19.8 |
| Villagers / military | 119 / 72 |
Focus
⚔️ 29.4% · 🌾 70.6%
Plumed Archer ×69 · Fishing Ship ×10 · Trebuchet (Packed) ×3
Feudal
10:56
Castle
18:40
Imperial
35:34
| APM avg | 31.1 |
| APM peak | 56 |
| eAPM avg | 17.2 |
| Villagers / military | 71 / 74 |
Focus
⚔️ 29.3% · 🌾 70.7%
Knight ×65 · Fishing Ship ×21 · Demolition Raft ×7 · Spearman ×1 · Fire Galley ×1
Feudal
11:05
Castle
15:37
Imperial
—
| APM avg | 46.8 |
| APM peak | 87 |
| eAPM avg | 20.8 |
| Villagers / military | 93 / 56 |
Focus
⚔️ 34.6% · 🌾 65.4%
Mangudai ×31 · Steppe Lancer ×21 · Fishing Ship ×18 · Mangonel ×2 · Scorpion ×2
Match map
Initial resources + every placement click. Lines = walls · curves = elevation contours. ◆ gold · ⬟ stone · ● berries · ✦ relic · ◌ wall gap
Your base· ✓ Map-separated
Juunku's base· Open
JosephAoE's base· ✓ Map-separated
[G4]DMenisDenisTTV's base· Open — unwalled flank
pachecristo's base· ✓ Closed at 17:38 · 12t walls · no gate
3L GR4N JUJA's base· ✓ Map-separated
BIG POPPA's base· ✓ Closed at 18:40 · 55t walls · 2 gate(s)
Forcewiz's base· Open — opponent sealed themselves in
Smoothed initial terrain · ◌ = detected wall gap · hover for details
Inputs per minute
— Coolman916 - - Juunku
Build order — Coolman916
148 actions detected in the replay
| 0:09 | Build | Dock |
| 0:41 | Build | House |
| 2:55 | Build | Town Center |
| 3:48 | Create | Villager (Male) ×4 |
| 4:18 | Create | Fishing Ship |
| 4:26 | Build | House |
| 4:55 | Create | Villager (Male) |
| 4:57 | Create | Fishing Ship |
| 5:25 | Create | Fishing Ship |
| 5:44 | Build | House |
| 6:03 | Create | Villager (Male) |
| 6:06 | Create | Villager (Male) |
| 6:07 | Create | Fishing Ship |
| 6:30 | Create | Villager (Male) |
| 6:31 | Create | Fishing Ship |
| 7:20 | Create | Villager (Male) |
| 7:21 | Create | Villager (Male) |
| 7:28 | Build | Dock |
| 7:47 | Create | Fishing Ship |
| 7:52 | Build | House |
| 8:29 | Create | Fishing Ship |
| 8:44 | Research | Feudal Age |
| 8:45 | Research | Feudal Age |
| 8:45 | Research | Loom |
| 8:45 | Research | Loom |
| 9:00 | Build | House |
| 9:17 | Build | Mining Camp |
| 9:33 | Build | Palisade Wall |
| 9:39 | Build | Palisade Wall |
| 10:28 | Build | Palisade Wall |
| 10:29 | Build | Palisade Wall |
| 10:31 | Create | Villager (Male) |
| 10:31 | Create | Villager (Male) |
| 10:38 | Build | Dock |
| 10:54 | Age | Feudal Age |
| 11:01 | Build | Palisade Wall |
| 11:02 | Create | Galley |
| 11:02 | Create | Galley |
| 11:03 | Create | Galley |
| 11:03 | Create | Galley |
| 11:22 | Build | Palisade Wall |
| 11:23 | Build | Palisade Wall |
| 11:25 | Create | Galley |
| 11:37 | Build | Blacksmith |
| 11:58 | Create | Villager (Male) |
| 12:07 | Build | House |
| 12:10 | Create | Galley |
| 12:24 | Create | Galley |
| 12:30 | Research | Fletching |
| 12:30 | Research | Fletching |
| 12:32 | Create | Villager (Male) |
| 12:49 | Build | House |
| 12:51 | Create | Villager (Male) |
| 12:53 | Create | Galley |
| 13:06 | Create | Villager (Male) |
| 13:09 | Build | House |
| 13:10 | Build | House |
| 13:35 | Create | Villager (Male) |
| 13:37 | Create | Galley |
| 13:38 | Create | Galley |
| 13:38 | Create | Galley |
| 13:38 | Create | Galley |
| 13:56 | Create | Villager (Male) |
| 14:09 | Create | Villager (Male) |
| 14:27 | Create | Villager (Male) |
| 14:47 | Build | Palisade Wall |
| 14:55 | Create | Villager (Male) |
| 15:00 | Build | Mill |
| 15:34 | Build | House |
| 15:35 | Create | Villager (Male) |
| 15:50 | Build | Lumber Camp |
| 15:57 | Build | Watch Tower |
| 16:19 | Create | Fishing Ship |
| 16:40 | Build | Lumber Camp |
| 16:46 | Create | Villager (Male) |
| 16:54 | Build | Palisade Wall |
| 17:18 | Build | Lumber Camp |
| 17:21 | Create | Villager (Male) |
| 17:22 | Create | Villager (Male) |
| 17:24 | Create | Villager (Male) |
| 17:31 | Build | Market |
| 17:48 | Create | Villager (Male) |
| 18:29 | Create | Villager (Male) |
| 19:33 | Build | Stone Wall |
| 19:36 | Build | Stone Wall |
| 22:00 | Build | Palisade Wall |
| 24:21 | Build | Town Center |
| 24:55 | Build | Palisade Wall |
| 25:08 | Research | Castle Age |
| 25:09 | Research | Castle Age |
| 25:44 | Create | Unit 2626 |
| 25:46 | Create | Unit 2626 |
| 25:49 | Build | House |
| 25:51 | Build | House |
| 26:44 | Build | House |
| 26:51 | Build | Dock |
| 26:58 | Create | Villager (Male) |
| 27:48 | Age | Castle Age |
| 27:56 | Research | War Galley (upgrade) |
| 28:01 | Create | Fire Galley |
| 28:02 | Create | Longboat |
| 28:05 | Build | Dock |
| 28:06 | Create | Villager (Male) |
| 29:07 | Create | Villager (Male) |
| 29:07 | Create | Villager (Male) |
| 29:07 | Create | Villager (Male) |
| 29:08 | Create | Villager (Male) |
| 29:12 | Build | Mining Camp |
| 29:20 | Build | Lumber Camp |
| 29:22 | Build | Mining Camp |
| 29:42 | Build | House |
| 29:43 | Build | House |
| 29:45 | Create | Fire Galley |
| 29:48 | Create | Longboat |
| 29:48 | Create | Longboat |
| 30:13 | Build | House |
| 30:16 | Build | House |
| 30:18 | Build | House |
| 30:21 | Build | Palisade Wall |
| 30:28 | Create | Longboat |
| 30:28 | Create | Longboat |
| 30:30 | Create | Villager (Male) |
| 30:30 | Create | Villager (Male) |
| 30:35 | Create | Villager (Male) |
| 31:19 | Create | Longboat |
| 31:19 | Create | Longboat |
| 31:35 | Create | Longboat |
| 31:38 | Build | Blacksmith |
| 31:55 | Build | House |
| 31:57 | Build | House |
| 31:59 | Build | Palisade Wall |
| 32:02 | Build | House |
| 32:04 | Build | Palisade Wall |
| 33:04 | Build | Lumber Camp |
| 33:05 | Create | Villager (Male) |
| 33:28 | Research | Bodkin Arrow |
| 33:28 | Research | Bodkin Arrow |
| 33:51 | Build | House |
| 33:53 | Create | Villager (Male) |
| 33:58 | Create | Villager (Male) |
| 34:12 | Build | Town Center |
| 34:16 | Build | Town Center |
| 34:16 | Create | Villager (Male) |
| 34:47 | Create | Villager (Male) |
| 34:48 | Create | Villager (Male) |
| 35:35 | Create | Villager (Male) |
| 35:39 | Create | Longboat |
| 35:39 | Create | Longboat |
Build order — Juunku
First 150 of 233 actions detected
| 1:54 | Build | Town Center |
| 2:13 | Build | House |
| 2:14 | Build | House |
| 2:50 | Create | Villager (Male) |
| 2:50 | Create | Villager (Male) |
| 2:50 | Create | Villager (Male) |
| 2:50 | Create | Villager (Male) |
| 2:51 | Create | Villager (Male) |
| 3:43 | Research | Loom |
| 3:43 | Research | Loom |
| 3:44 | Create | Villager (Male) |
| 4:00 | Create | Villager (Male) |
| 4:31 | Create | Villager (Male) |
| 5:15 | Build | House |
| 5:20 | Create | Villager (Male) |
| 5:31 | Build | Mining Camp |
| 5:54 | Create | Villager (Male) |
| 6:26 | Build | House |
| 6:38 | Build | Mill |
| 6:39 | Create | Villager (Male) |
| 6:39 | Create | Villager (Male) |
| 6:49 | Build | House |
| 7:30 | Create | Villager (Male) |
| 7:31 | Create | Villager (Male) |
| 7:54 | Create | Villager (Male) |
| 8:08 | Create | Villager (Male) |
| 8:48 | Create | Villager (Male) |
| 8:58 | Build | House |
| 9:00 | Build | Palisade Wall |
| 9:19 | Build | Farm |
| 9:24 | Build | House |
| 9:37 | Create | Villager (Male) |
| 9:38 | Create | Villager (Male) |
| 9:53 | Create | Villager (Male) |
| 10:02 | Build | Farm |
| 10:18 | Build | Palisade Wall |
| 10:19 | Create | Villager (Male) |
| 10:21 | Build | Palisade Wall |
| 10:23 | Build | Palisade Wall |
| 10:34 | Build | House |
| 10:36 | Build | Palisade Wall |
| 10:44 | Build | Farm |
| 10:45 | Build | Farm |
| 11:12 | Build | Mill |
| 11:22 | Create | Villager (Male) |
| 11:43 | Build | Palisade Wall |
| 11:47 | Create | Villager (Male) |
| 12:04 | Build | Farm |
| 12:10 | Build | Mill |
| 12:18 | Research | Feudal Age |
| 12:18 | Research | Feudal Age |
| 12:22 | Build | House |
| 12:26 | Build | Palisade Wall |
| 13:55 | Create | Villager (Male) |
| 13:56 | Create | Villager (Male) |
| 14:28 | Age | Feudal Age |
| 14:33 | Build | House |
| 14:38 | Build | Market |
| 14:42 | Build | Palisade Wall |
| 14:50 | Create | Villager (Male) |
| 14:52 | Build | House |
| 15:07 | Build | Blacksmith |
| 15:13 | Build | House |
| 15:48 | Research | Castle Age |
| 15:48 | Research | Castle Age |
| 15:52 | Research | Gold Mining |
| 15:52 | Research | Gold Mining |
| 15:57 | Research | Double-Bit Axe |
| 15:58 | Research | Double-Bit Axe |
| 16:03 | Research | Horse Collar |
| 16:03 | Research | Horse Collar |
| 16:53 | Build | Watch Tower |
| 17:00 | Build | Palisade Wall |
| 17:02 | Create | Villager (Male) |
| 17:45 | Build | Farm |
| 18:28 | Age | Castle Age |
| 18:29 | Create | Monk |
| 18:35 | Build | Town Center |
| 18:43 | Research | Bow Saw |
| 18:46 | Create | Villager (Male) |
| 19:00 | Build | Farm |
| 19:25 | Create | Monk |
| 19:26 | Create | Villager (Male) |
| 19:40 | Build | Farm |
| 19:40 | Build | Farm |
| 19:41 | Build | Farm |
| 19:41 | Build | Farm |
| 19:50 | Create | Villager (Male) |
| 19:53 | Create | Villager (Male) |
| 20:04 | Research | Fervor |
| 20:05 | Research | Fervor |
| 20:12 | Research | Wheelbarrow |
| 20:12 | Research | Wheelbarrow |
| 20:17 | Build | Farm |
| 20:19 | Build | Farm |
| 20:22 | Build | Farm |
| 20:27 | Create | Villager (Male) |
| 20:35 | Research | Sanctity |
| 20:35 | Research | Sanctity |
| 20:39 | Create | Villager (Male) |
| 20:42 | Build | Farm |
| 20:44 | Build | Farm |
| 20:46 | Create | Villager (Male) |
| 20:56 | Create | Villager (Male) |
| 21:10 | Create | Villager (Male) |
| 21:12 | Build | Farm |
| 21:12 | Build | Farm |
| 21:16 | Build | Farm |
| 21:17 | Build | Farm |
| 21:25 | Create | Monk |
| 21:32 | Create | Villager (Male) |
| 21:34 | Create | Villager (Male) |
| 21:47 | Create | Villager (Male) |
| 21:55 | Create | Villager (Male) |
| 22:02 | Create | Monk |
| 22:05 | Create | Villager (Male) |
| 22:16 | Build | Market |
| 22:20 | Build | Farm |
| 22:33 | Build | Mill |
| 22:33 | Build | Farm |
| 22:34 | Build | Farm |
| 22:34 | Build | Farm |
| 22:34 | Build | Farm |
| 22:34 | Build | Farm |
| 22:34 | Build | Farm |
| 22:35 | Build | Farm |
| 22:35 | Build | Farm |
| 22:37 | Create | Villager (Male) |
| 22:44 | Research | Town Watch |
| 22:45 | Research | Town Watch |
| 22:46 | Create | Villager (Male) |
| 22:55 | Build | Monastery |
| 22:58 | Create | Villager (Male) |
| 23:00 | Research | Fletching |
| 23:00 | Research | Fletching |
| 23:05 | Build | Farm |
| 23:19 | Create | Monk |
| 23:20 | Create | Villager (Male) |
| 23:35 | Create | Villager (Male) |
| 23:39 | Create | Villager (Male) |
| 23:52 | Create | Monk |
| 23:53 | Create | Villager (Male) |
| 23:58 | Build | Farm |
| 24:04 | Create | Villager (Male) |
| 24:19 | Build | Watch Tower |
| 24:26 | Create | Villager (Male) |
| 24:30 | Build | House |
| 24:30 | Build | House |
| 25:00 | Build | Lumber Camp |
| 25:33 | Build | House |
Build order — JosephAoE
First 150 of 229 actions detected
| 0:14 | Build | Dock |
| 0:15 | Build | House |
| 2:38 | Build | Town Center |
| 3:34 | Create | Villager (Male) |
| 3:44 | Create | Fishing Ship |
| 3:49 | Create | Villager (Male) |
| 3:55 | Build | House |
| 3:57 | Create | Villager (Male) |
| 4:20 | Create | Villager (Male) |
| 4:20 | Create | Villager (Male) |
| 4:24 | Create | Fishing Ship |
| 4:49 | Create | Fishing Ship |
| 5:11 | Create | Villager (Male) |
| 5:29 | Create | Villager (Male) |
| 5:37 | Create | Fishing Ship |
| 5:38 | Create | Villager (Male) |
| 5:51 | Build | House |
| 6:23 | Build | House |
| 6:31 | Build | Palisade Wall |
| 6:32 | Create | Villager (Male) |
| 6:47 | Create | Fishing Ship |
| 7:17 | Create | Villager (Male) |
| 7:50 | Build | Palisade Wall |
| 7:51 | Build | Palisade Wall |
| 7:56 | Create | Villager (Male) |
| 8:10 | Research | Feudal Age |
| 8:10 | Research | Feudal Age |
| 8:27 | Build | Mill |
| 8:55 | Build | Mining Camp |
| 9:10 | Build | Outpost |
| 10:00 | Build | Barracks |
| 10:29 | Create | Villager (Male) |
| 10:31 | Age | Feudal Age |
| 10:47 | Build | Archery Range |
| 10:52 | Create | Villager (Male) |
| 11:11 | Build | House |
| 11:30 | Build | Blacksmith |
| 11:35 | Create | Villager (Male) |
| 11:39 | Research | Loom |
| 11:39 | Research | Loom |
| 11:47 | Create | Archer |
| 12:03 | Create | Archer |
| 12:09 | Research | Castle Age |
| 12:27 | Build | Lumber Camp |
| 12:37 | Create | Archer |
| 12:54 | Build | Watch Tower |
| 13:03 | Research | Fletching |
| 13:04 | Create | Archer |
| 13:18 | Create | Militia |
| 13:22 | Create | Archer |
| 14:16 | Research | Double-Bit Axe |
| 14:33 | Create | Archer |
| 15:02 | Create | Militia |
| 15:05 | Age | Castle Age |
| 15:06 | Create | Skirmisher |
| 15:10 | Research | Crossbowman (upgrade) |
| 15:12 | Create | Villager (Male) |
| 15:19 | Build | Siege Workshop |
| 15:22 | Build | House |
| 15:31 | Create | Militia |
| 15:43 | Create | Villager (Male) |
| 15:44 | Create | Archer |
| 15:47 | Build | Farm |
| 15:48 | Build | Farm |
| 15:51 | Create | Mangonel |
| 15:56 | Build | Farm |
| 16:12 | Create | Archer |
| 16:37 | Create | Mangonel |
| 16:53 | Create | Archer |
| 16:55 | Create | Villager (Male) |
| 17:19 | Create | Mangonel |
| 17:26 | Create | Villager (Male) |
| 17:27 | Create | Villager (Male) |
| 17:31 | Build | Farm |
| 17:31 | Build | Farm |
| 17:47 | Create | Archer |
| 18:02 | Build | House |
| 18:07 | Create | Archer |
| 18:24 | Create | Archer |
| 18:34 | Create | Villager (Male) |
| 18:36 | Build | Archery Range |
| 18:57 | Create | Archer |
| 19:00 | Create | Villager (Male) |
| 19:02 | Build | Farm |
| 19:04 | Build | House |
| 19:50 | Create | Villager (Male) |
| 20:26 | Create | Villager (Male) |
| 20:38 | Create | Archer |
| 20:55 | Build | Market |
| 21:02 | Build | Farm |
| 21:02 | Build | Farm |
| 21:03 | Build | House |
| 21:09 | Build | House |
| 21:11 | Build | House |
| 21:26 | Create | Villager (Male) |
| 21:43 | Build | Town Center |
| 22:01 | Create | Villager (Male) |
| 22:07 | Create | Archer |
| 22:07 | Create | Archer |
| 22:08 | Create | Villager (Male) |
| 22:29 | Build | Town Center |
| 22:33 | Create | Monk |
| 23:03 | Create | Villager (Male) |
| 23:18 | Create | Archer |
| 23:18 | Create | Archer |
| 23:23 | Create | Archer |
| 23:23 | Create | Archer |
| 23:25 | Create | Villager (Male) |
| 24:00 | Create | Archer |
| 24:06 | Create | Villager (Male) |
| 24:16 | Create | Villager (Male) |
| 24:35 | Create | Villager (Male) |
| 24:44 | Build | Farm |
| 24:44 | Build | Farm |
| 24:44 | Build | Farm |
| 24:45 | Build | Farm |
| 24:45 | Build | Farm |
| 24:45 | Build | Farm |
| 24:45 | Build | Farm |
| 24:58 | Create | Villager (Male) |
| 25:29 | Create | Villager (Male) |
| 25:43 | Build | Farm |
| 25:46 | Build | Farm |
| 25:49 | Build | Farm |
| 25:52 | Create | Villager (Male) |
| 25:52 | Create | Villager (Male) |
| 25:59 | Build | House |
| 26:03 | Create | Villager (Male) |
| 26:03 | Create | Villager (Male) |
| 26:30 | Research | Horse Collar |
| 26:31 | Research | Horse Collar |
| 26:40 | Create | Villager (Male) |
| 27:11 | Research | Bodkin Arrow |
| 27:12 | Research | Bodkin Arrow |
| 27:47 | Create | Archer |
| 27:53 | Create | Villager (Male) |
| 27:55 | Create | Villager (Male) |
| 27:55 | Create | Villager (Male) |
| 27:57 | Create | Villager (Male) |
| 27:59 | Create | Villager (Male) |
| 28:05 | Build | Mill |
| 28:06 | Build | Farm |
| 28:06 | Build | Farm |
| 28:06 | Build | Farm |
| 28:06 | Build | Farm |
| 28:07 | Build | Farm |
| 28:07 | Build | Farm |
| 28:11 | Create | Archer |
| 28:20 | Create | Villager (Male) |
| 28:25 | Build | House |
Build order — [G4]DMenisDenisTTV
First 150 of 222 actions detected
| 1:31 | Build | Town Center |
| 1:47 | Build | Dock |
| 2:32 | Create | Villager (Male) ×4 |
| 2:32 | Create | Villager (Male) ×4 |
| 2:54 | Create | Fishing Ship |
| 3:14 | Create | Villager (Male) |
| 3:14 | Create | Villager (Male) |
| 3:46 | Create | Villager (Male) |
| 4:11 | Create | Fishing Ship |
| 4:53 | Create | Villager (Male) |
| 5:07 | Create | Villager (Male) |
| 5:08 | Create | Villager (Male) |
| 5:08 | Create | Villager (Male) |
| 5:44 | Create | Fishing Ship |
| 5:44 | Create | Fishing Ship |
| 5:51 | Build | Dock |
| 6:02 | Create | Villager (Male) |
| 6:10 | Research | Loom |
| 6:39 | Create | Fishing Ship |
| 6:41 | Create | Fishing Ship |
| 7:26 | Build | Mining Camp |
| 7:44 | Research | Feudal Age |
| 8:12 | Create | Villager (Male) |
| 8:41 | Build | Mill |
| 9:21 | Create | Fishing Ship |
| 9:21 | Create | Fishing Ship |
| 9:21 | Create | Fishing Ship |
| 9:22 | Create | Fishing Ship |
| 9:54 | Age | Feudal Age |
| 10:00 | Create | Galley |
| 10:01 | Create | Galley |
| 10:01 | Create | Galley |
| 10:27 | Create | Villager (Male) |
| 10:27 | Create | Villager (Male) |
| 10:27 | Create | Villager (Male) |
| 10:46 | Build | Blacksmith |
| 10:49 | Create | Villager (Male) |
| 11:00 | Research | Double-Bit Axe |
| 11:08 | Create | Galley |
| 11:08 | Create | Galley |
| 11:17 | Create | Villager (Male) |
| 11:33 | Build | Blacksmith |
| 11:35 | Build | Palisade Wall |
| 11:55 | Create | Galley |
| 12:16 | Create | Villager (Male) |
| 12:17 | Create | Villager (Male) |
| 12:46 | Build | Palisade Wall |
| 13:03 | Research | Tech 906 |
| 13:19 | Build | Market |
| 14:03 | Research | Castle Age |
| 14:20 | Create | Villager (Male) |
| 15:29 | Build | Barracks |
| 15:35 | Research | Fletching |
| 15:43 | Research | Padded Archer Armor |
| 15:59 | Build | Mining Camp |
| 16:21 | Build | Archery Range |
| 16:21 | Build | Archery Range |
| 16:33 | Create | Fishing Ship |
| 16:33 | Create | Fishing Ship |
| 16:33 | Create | Fishing Ship |
| 16:43 | Age | Castle Age |
| 16:46 | Research | Bodkin Arrow |
| 16:47 | Create | Monk |
| 17:04 | Create | Cavalry Archer |
| 17:05 | Create | Cavalry Archer |
| 17:14 | Research | Wheelbarrow |
| 17:29 | Create | Cavalry Archer |
| 17:30 | Create | Cavalry Archer |
| 17:30 | Create | Cavalry Archer |
| 17:37 | Build | Archery Range |
| 17:59 | Create | Cavalry Archer |
| 17:59 | Create | Cavalry Archer |
| 18:07 | Create | Fishing Ship |
| 18:39 | Research | Leather Archer Armor |
| 18:49 | Research | Gold Mining |
| 18:53 | Create | Cavalry Archer |
| 19:01 | Create | Cavalry Archer |
| 19:01 | Create | Cavalry Archer |
| 19:42 | Build | University |
| 19:45 | Create | Villager (Male) |
| 19:45 | Create | Villager (Male) |
| 19:53 | Create | Cavalry Archer |
| 19:53 | Create | Cavalry Archer |
| 20:03 | Build | Town Center |
| 20:09 | Create | Villager (Male) |
| 20:49 | Build | Farm |
| 20:51 | Research | Hand Cart |
| 21:12 | Create | Villager (Male) |
| 21:57 | Research | Thumb Ring |
| 22:01 | Research | Ballistics |
| 22:22 | Create | Villager (Male) |
| 22:32 | Build | Town Center |
| 22:45 | Create | Cavalry Archer |
| 22:45 | Create | Cavalry Archer |
| 22:56 | Create | Villager (Male) |
| 22:56 | Create | Villager (Male) |
| 23:13 | Create | Villager (Male) |
| 23:16 | Build | Farm |
| 23:16 | Build | Farm |
| 23:16 | Build | Farm |
| 23:16 | Build | Farm |
| 23:16 | Build | Farm |
| 23:19 | Create | Villager (Male) |
| 23:19 | Create | Villager (Male) |
| 23:24 | Research | Horse Collar |
| 24:22 | Create | Villager (Male) |
| 24:22 | Create | Villager (Male) |
| 24:23 | Create | Villager (Male) |
| 24:23 | Create | Villager (Male) |
| 24:29 | Create | Cavalry Archer |
| 24:29 | Create | Cavalry Archer |
| 24:29 | Create | Cavalry Archer |
| 25:28 | Build | Farm |
| 25:29 | Create | Villager (Male) ×5 |
| 25:29 | Create | Villager (Male) ×5 |
| 25:42 | Build | Monastery |
| 25:55 | Create | Villager (Male) |
| 25:58 | Create | Villager (Male) |
| 25:58 | Create | Villager (Male) |
| 26:04 | Build | Farm |
| 26:04 | Build | Farm |
| 26:05 | Build | Farm |
| 26:05 | Build | Farm |
| 26:08 | Build | Lumber Camp |
| 26:12 | Build | Lumber Camp |
| 26:15 | Build | Farm |
| 26:16 | Create | Villager (Male) ×3 |
| 26:16 | Create | Villager (Male) ×3 |
| 26:28 | Create | Cavalry Archer ×5 |
| 26:28 | Create | Cavalry Archer ×5 |
| 26:32 | Build | Farm |
| 26:34 | Create | Villager (Male) |
| 26:38 | Build | Farm |
| 26:53 | Build | Farm |
| 27:00 | Research | Bow Saw |
| 27:01 | Research | Bow Saw |
| 27:01 | Research | Bow Saw |
| 27:06 | Build | Farm |
| 27:08 | Build | Farm |
| 27:14 | Build | Stable |
| 27:16 | Create | Villager (Male) ×2 |
| 27:17 | Create | Villager (Male) ×2 |
| 27:19 | Build | Farm |
| 27:20 | Build | Farm |
| 27:34 | Create | Villager (Male) ×5 |
| 27:34 | Create | Villager (Male) ×5 |
| 27:39 | Create | Cavalry Archer ×5 |
| 27:39 | Create | Cavalry Archer ×5 |
| 27:40 | Create | Cavalry Archer ×5 |
| 27:46 | Build | Farm |
Build order — pachecristo
First 150 of 201 actions detected
| 1:43 | Build | House |
| 2:02 | Build | Town Center |
| 2:12 | Build | Palisade Wall |
| 2:13 | Build | Palisade Wall |
| 2:14 | Build | Palisade Wall |
| 2:15 | Build | Palisade Wall |
| 2:15 | Build | Palisade Wall |
| 2:16 | Build | Palisade Wall |
| 2:16 | Build | Palisade Wall |
| 2:17 | Build | Palisade Wall |
| 2:17 | Build | Palisade Wall |
| 2:18 | Build | Palisade Wall |
| 2:18 | Build | Palisade Wall |
| 2:18 | Build | Palisade Wall |
| 2:28 | Build | Dock |
| 2:47 | Create | Villager (Male) |
| 2:47 | Create | Villager (Male) |
| 2:47 | Create | Villager (Male) |
| 2:48 | Create | Villager (Male) |
| 3:29 | Build | House |
| 3:59 | Create | Fishing Ship |
| 4:15 | Create | Fishing Ship |
| 4:19 | Build | House |
| 4:42 | Research | Loom |
| 4:45 | Create | Fishing Ship |
| 5:07 | Build | Mill |
| 5:11 | Create | Fishing Ship |
| 5:18 | Build | Palisade Wall |
| 5:21 | Build | House |
| 5:23 | Build | Palisade Wall |
| 5:45 | Create | Fishing Ship |
| 6:03 | Create | Villager (Male) |
| 6:42 | Create | Villager (Male) |
| 6:44 | Create | Fishing Ship |
| 6:49 | Create | Villager (Male) |
| 7:33 | Build | Mill |
| 7:35 | Create | Villager (Male) |
| 7:40 | Create | Fishing Ship |
| 8:02 | Create | Villager (Male) |
| 8:22 | Create | Villager (Male) |
| 8:39 | Create | Villager (Male) |
| 9:00 | Build | Dock |
| 9:13 | Build | Mining Camp |
| 9:25 | Research | Feudal Age |
| 10:16 | Create | Fishing Ship |
| 10:18 | Create | Fishing Ship |
| 10:23 | Build | House |
| 10:36 | Build | Lumber Camp |
| 11:35 | Age | Feudal Age |
| 11:45 | Create | Unit 2626 ×2 |
| 11:50 | Create | Villager (Male) |
| 11:57 | Create | Villager (Male) |
| 11:57 | Create | Villager (Male) |
| 12:15 | Research | Double-Bit Axe |
| 12:17 | Create | Villager (Male) |
| 12:22 | Build | House |
| 12:50 | Create | Villager (Male) |
| 12:54 | Build | Blacksmith |
| 12:56 | Create | Villager (Male) |
| 13:09 | Research | Town Watch |
| 13:44 | Create | Villager (Male) |
| 13:46 | Build | Market |
| 13:52 | Build | Farm |
| 14:05 | Build | Farm |
| 14:08 | Build | Farm |
| 14:11 | Build | Farm |
| 14:13 | Build | Farm |
| 14:22 | Create | Villager (Male) |
| 14:56 | Build | Dock |
| 14:58 | Research | Castle Age |
| 15:03 | Create | Fire Galley |
| 15:28 | Create | Fire Galley |
| 15:52 | Research | Scale Barding Armor |
| 16:06 | Build | Barracks |
| 16:08 | Create | Villager (Male) |
| 16:27 | Create | Fire Galley |
| 16:29 | Create | Fire Galley |
| 16:34 | Build | House |
| 16:59 | Create | Fire Galley |
| 17:05 | Build | House |
| 17:08 | Build | House |
| 17:18 | Build | Stable |
| 17:37 | Build | House |
| 17:38 | Create | Spearman |
| 17:38 | Age | Castle Age |
| 17:38 | Create | Spearman |
| 17:44 | Build | House |
| 17:45 | Build | Palisade Wall |
| 17:48 | Build | House |
| 17:52 | Build | Palisade Wall |
| 17:55 | Build | Palisade Wall |
| 17:59 | Build | Palisade Wall |
| 18:04 | Research | Chain Barding Armor |
| 18:15 | Research | War Galley (upgrade) |
| 18:23 | Create | Unit 2626 |
| 18:34 | Build | Lumber Camp |
| 18:59 | Create | Villager (Male) |
| 19:01 | Create | Spearman |
| 19:09 | Create | Knight |
| 19:09 | Create | Knight |
| 19:18 | Create | Monk |
| 19:56 | Build | Barracks |
| 20:28 | Create | Villager (Male) |
| 20:28 | Create | Villager (Male) |
| 20:28 | Create | Villager (Male) |
| 20:32 | Research | Wheelbarrow |
| 20:53 | Build | Town Center |
| 21:01 | Research | Squires |
| 21:01 | Research | Pikeman (upgrade) |
| 21:02 | Create | Spearman |
| 21:33 | Create | Villager (Male) |
| 21:44 | Create | Spearman |
| 21:47 | Create | Spearman |
| 22:15 | Create | Villager (Male) |
| 22:15 | Create | Villager (Male) |
| 22:23 | Build | Mining Camp |
| 22:33 | Build | Farm |
| 22:33 | Build | Farm |
| 22:34 | Build | Farm |
| 22:34 | Build | Farm |
| 23:02 | Create | Spearman ×2 |
| 23:17 | Create | Spearman |
| 23:22 | Create | Villager (Male) |
| 23:22 | Create | Villager (Male) |
| 23:25 | Build | Farm |
| 23:26 | Build | Farm |
| 23:27 | Build | Farm |
| 24:18 | Create | Spearman ×5 |
| 24:22 | Create | Villager (Male) |
| 24:32 | Build | Farm |
| 24:33 | Build | Farm |
| 24:39 | Build | Lumber Camp |
| 24:45 | Build | Lumber Camp |
| 24:47 | Build | Farm |
| 25:12 | Create | Villager (Male) |
| 25:13 | Create | Villager (Male) |
| 25:14 | Create | Villager (Male) |
| 25:15 | Create | Villager (Male) |
| 25:15 | Create | Villager (Male) |
| 25:23 | Build | Town Center |
| 26:15 | Create | Villager (Male) |
| 26:15 | Create | Villager (Male) |
| 26:19 | Create | Spearman ×5 |
| 26:21 | Create | Knight |
| 26:39 | Build | Castle |
| 26:46 | Create | Knight |
| 26:50 | Create | Spearman ×4 |
| 27:05 | Build | House |
| 27:07 | Build | Palisade Wall |
| 27:46 | Build | Farm |
Build order — 3L GR4N JUJA
First 150 of 286 actions detected
| 0:30 | Build | Dock |
| 1:14 | Create | Fishing Ship |
| 1:21 | Build | House |
| 1:25 | Build | Town Center |
| 1:40 | Build | House |
| 2:25 | Create | Villager (Male) ×3 |
| 2:49 | Create | Fishing Ship |
| 3:08 | Create | Villager (Male) |
| 3:08 | Create | Villager (Male) |
| 3:35 | Create | Fishing Ship |
| 3:53 | Build | House |
| 3:56 | Build | Palisade Wall |
| 3:57 | Build | Palisade Wall |
| 4:06 | Create | Villager (Male) |
| 4:06 | Create | Villager (Male) |
| 4:06 | Create | Villager (Male) |
| 5:03 | Create | Villager (Male) |
| 5:08 | Build | Palisade Gate |
| 5:32 | Create | Fishing Ship |
| 5:48 | Create | Villager (Male) |
| 6:14 | Research | Feudal Age |
| 6:48 | Build | Mining Camp |
| 6:58 | Build | Mill |
| 7:23 | Create | Fishing Ship |
| 7:56 | Create | Fishing Ship |
| 8:01 | Build | House |
| 8:07 | Research | Loom |
| 8:15 | Create | Villager (Male) |
| 8:16 | Create | Villager (Male) |
| 8:24 | Age | Feudal Age |
| 8:34 | Research | Double-Bit Axe |
| 9:09 | Build | Dock |
| 9:27 | Create | Villager (Male) |
| 9:27 | Create | Villager (Male) |
| 9:44 | Build | House |
| 9:57 | Build | Market |
| 10:04 | Build | House |
| 10:16 | Create | Villager (Male) |
| 10:30 | Build | Blacksmith |
| 11:02 | Build | Mining Camp |
| 11:24 | Create | Fishing Ship |
| 11:24 | Create | Fishing Ship |
| 11:48 | Research | Castle Age |
| 11:48 | Research | Castle Age |
| 12:00 | Build | Lumber Camp |
| 13:04 | Create | Fishing Ship |
| 13:04 | Create | Fishing Ship |
| 14:11 | Research | Town Watch |
| 14:28 | Age | Castle Age |
| 14:50 | Build | Castle |
| 14:54 | Build | Palisade Wall |
| 14:58 | Build | House |
| 15:00 | Build | House |
| 15:06 | Create | Villager (Male) |
| 15:12 | Research | Bow Saw |
| 15:16 | Research | Fletching |
| 15:26 | Create | Villager (Male) |
| 15:26 | Create | Villager (Male) |
| 15:43 | Create | Villager (Male) |
| 15:51 | Research | Bodkin Arrow |
| 16:00 | Build | Mining Camp |
| 16:01 | Create | Plumed Archer |
| 16:13 | Create | Plumed Archer |
| 16:13 | Create | Plumed Archer |
| 16:36 | Create | Plumed Archer |
| 16:36 | Create | Plumed Archer |
| 16:54 | Create | Villager (Male) |
| 16:55 | Create | Villager (Male) |
| 17:05 | Create | Plumed Archer |
| 17:15 | Create | Villager (Male) |
| 17:20 | Build | Town Center |
| 17:21 | Create | Villager (Male) |
| 17:28 | Create | Plumed Archer |
| 17:37 | Build | Outpost |
| 18:06 | Build | Town Center |
| 18:28 | Research | Horse Collar |
| 18:28 | Research | Horse Collar |
| 18:39 | Build | Dock |
| 18:41 | Create | Villager (Male) |
| 18:41 | Create | Villager (Male) |
| 19:00 | Create | Villager (Male) |
| 19:01 | Create | Villager (Male) |
| 19:01 | Create | Villager (Male) |
| 19:19 | Build | Farm |
| 19:21 | Build | Farm |
| 19:21 | Build | Farm |
| 19:23 | Build | Farm |
| 19:30 | Create | Villager (Male) |
| 19:30 | Create | Villager (Male) |
| 19:30 | Create | Villager (Male) |
| 19:30 | Create | Villager (Male) |
| 19:35 | Build | Farm |
| 19:59 | Create | Villager (Male) |
| 19:59 | Create | Villager (Male) |
| 19:59 | Create | Villager (Male) |
| 20:02 | Build | Farm |
| 20:03 | Build | Farm |
| 20:41 | Create | Villager (Male) ×2 |
| 20:47 | Build | Farm |
| 20:47 | Build | Farm |
| 20:49 | Build | Farm |
| 20:53 | Build | Farm |
| 20:55 | Create | Villager (Male) ×3 |
| 21:08 | Build | House |
| 21:09 | Build | House |
| 21:10 | Create | Villager (Male) |
| 21:23 | Create | Villager (Male) |
| 21:36 | Create | Villager (Male) ×2 |
| 21:40 | Build | Farm |
| 21:41 | Build | Farm |
| 21:42 | Build | Farm |
| 21:43 | Build | Farm |
| 21:49 | Build | Farm |
| 22:09 | Research | Wheelbarrow |
| 22:09 | Research | Wheelbarrow |
| 22:10 | Create | Villager (Male) |
| 22:10 | Create | Villager (Male) |
| 22:13 | Build | Farm |
| 22:36 | Create | Villager (Male) |
| 22:36 | Create | Villager (Male) |
| 22:37 | Create | Villager (Male) |
| 22:46 | Build | House |
| 22:47 | Build | House |
| 22:47 | Build | House |
| 23:07 | Create | Villager (Male) |
| 23:07 | Create | Villager (Male) ×5 |
| 23:08 | Create | Villager (Male) ×5 |
| 23:10 | Build | Farm |
| 23:40 | Build | Castle |
| 23:53 | Research | Hand Cart |
| 23:53 | Research | Hand Cart |
| 23:54 | Create | Villager (Male) |
| 23:57 | Build | Farm |
| 25:01 | Create | Villager (Male) ×5 |
| 25:29 | Build | Mining Camp |
| 25:38 | Build | House |
| 25:39 | Build | House |
| 25:43 | Build | Mill |
| 25:44 | Build | Farm |
| 25:44 | Build | Farm |
| 25:45 | Build | Farm |
| 25:45 | Build | Farm |
| 25:45 | Build | Farm |
| 26:17 | Research | Imperial Age |
| 26:17 | Research | Imperial Age |
| 26:26 | Create | Plumed Archer |
| 26:26 | Create | Plumed Archer |
| 26:30 | Create | Villager (Male) |
| 26:30 | Create | Villager (Male) ×2 |
| 26:38 | Build | Lumber Camp |
Build order — BIG POPPA
First 150 of 235 actions detected
| 0:32 | Build | Dock |
| 1:10 | Build | House |
| 1:11 | Build | House |
| 2:33 | Build | Town Center |
| 3:23 | Create | Villager (Male) |
| 3:23 | Create | Villager (Male) |
| 3:24 | Create | Villager (Male) |
| 3:39 | Create | Villager (Male) |
| 3:39 | Create | Villager (Male) |
| 3:48 | Create | Fishing Ship |
| 3:48 | Create | Fishing Ship |
| 4:22 | Create | Fishing Ship |
| 4:38 | Build | House |
| 4:48 | Build | Palisade Wall |
| 4:52 | Create | Villager (Male) |
| 5:12 | Create | Fishing Ship |
| 5:13 | Create | Fishing Ship |
| 5:21 | Build | House |
| 5:25 | Build | Palisade Wall |
| 5:33 | Create | Villager (Male) |
| 5:43 | Create | Villager (Male) |
| 5:59 | Create | Villager (Male) |
| 6:15 | Create | Fishing Ship |
| 6:20 | Build | Palisade Wall |
| 6:24 | Create | Villager (Male) |
| 6:25 | Create | Villager (Male) |
| 6:38 | Build | Mill |
| 6:48 | Create | Fishing Ship |
| 6:59 | Create | Villager (Male) |
| 7:07 | Create | Villager (Male) |
| 7:11 | Create | Fishing Ship |
| 7:18 | Build | Palisade Wall |
| 7:22 | Build | Palisade Wall |
| 7:36 | Build | Palisade Wall |
| 7:41 | Create | Villager (Male) |
| 7:50 | Create | Villager (Male) |
| 8:05 | Create | Villager (Male) |
| 8:14 | Build | House |
| 8:15 | Build | House |
| 8:24 | Research | Loom |
| 8:28 | Create | Fishing Ship |
| 8:52 | Research | Feudal Age |
| 9:15 | Build | House |
| 9:31 | Build | Dock |
| 9:51 | Create | Fishing Ship |
| 9:51 | Create | Fishing Ship |
| 10:21 | Build | Lumber Camp |
| 10:37 | Create | Villager (Male) |
| 10:38 | Create | Villager (Male) |
| 10:43 | Build | Mining Camp |
| 10:56 | Age | Feudal Age |
| 11:13 | Create | Fishing Ship |
| 11:23 | Create | Villager (Male) |
| 11:37 | Build | Palisade Wall |
| 11:44 | Create | Villager (Male) |
| 11:52 | Build | Barracks |
| 11:54 | Create | Villager (Male) |
| 12:16 | Create | Villager (Male) |
| 12:32 | Create | Demolition Raft |
| 12:38 | Create | Demolition Raft |
| 12:42 | Create | Fishing Ship |
| 12:42 | Create | Fishing Ship |
| 12:54 | Build | House |
| 13:07 | Research | Tech 906 |
| 13:20 | Build | House |
| 13:43 | Build | Stable |
| 13:46 | Build | House |
| 13:49 | Build | Palisade Wall |
| 13:53 | Create | Spearman |
| 13:56 | Create | Villager (Male) |
| 13:57 | Create | Villager (Male) |
| 13:59 | Create | Villager (Male) |
| 14:19 | Create | Demolition Raft |
| 14:27 | Create | Fire Galley |
| 14:39 | Build | House |
| 14:59 | Build | Blacksmith |
| 15:03 | Build | Palisade Wall |
| 15:06 | Create | Villager (Male) |
| 15:15 | Create | Demolition Raft |
| 16:12 | Build | House |
| 16:13 | Build | House |
| 16:14 | Research | Castle Age |
| 16:26 | Research | Double-Bit Axe |
| 16:46 | Create | Demolition Raft |
| 16:46 | Create | Demolition Raft |
| 16:51 | Build | House |
| 17:03 | Build | Farm |
| 17:04 | Build | Farm |
| 17:07 | Build | Farm |
| 17:08 | Build | Farm |
| 17:09 | Build | Farm |
| 17:15 | Build | House |
| 17:17 | Build | Palisade Wall |
| 17:30 | Build | Palisade Gate |
| 17:43 | Build | Palisade Gate |
| 18:00 | Build | Farm |
| 18:01 | Build | Farm |
| 18:02 | Build | Farm |
| 18:03 | Create | Villager (Male) |
| 18:06 | Research | Bloodlines |
| 18:22 | Build | Stable |
| 18:34 | Create | Fishing Ship |
| 18:40 | Age | Castle Age |
| 18:47 | Create | Knight |
| 19:02 | Create | Knight |
| 19:11 | Create | Fishing Ship |
| 19:36 | Research | Scale Barding Armor |
| 20:00 | Create | Villager (Male) |
| 20:26 | Create | Villager (Male) |
| 20:30 | Build | Farm |
| 21:04 | Create | Villager (Male) |
| 21:07 | Build | Farm |
| 21:14 | Build | Town Center |
| 21:19 | Create | Villager (Male) |
| 21:23 | Build | Farm |
| 21:25 | Build | Farm |
| 21:27 | Build | Farm |
| 21:36 | Create | Knight |
| 21:36 | Create | Knight |
| 21:36 | Create | Knight |
| 21:37 | Create | Knight |
| 21:37 | Create | Knight |
| 21:37 | Create | Knight |
| 21:57 | Create | Fishing Ship |
| 21:57 | Create | Fishing Ship |
| 22:02 | Create | Villager (Male) |
| 22:27 | Create | Villager (Male) |
| 22:33 | Build | Farm |
| 22:34 | Build | Farm |
| 22:36 | Create | Villager (Male) |
| 22:38 | Create | Villager (Male) |
| 22:44 | Create | Villager (Male) |
| 22:48 | Create | Knight |
| 22:58 | Build | Farm |
| 23:01 | Build | Farm |
| 23:04 | Create | Villager (Male) |
| 23:13 | Research | Chain Barding Armor |
| 23:22 | Create | Demolition Raft |
| 23:28 | Create | Fishing Ship |
| 23:53 | Create | Villager (Male) |
| 24:03 | Build | Farm |
| 24:07 | Build | Farm |
| 24:09 | Build | Farm |
| 24:12 | Build | Farm |
| 24:35 | Create | Villager (Male) |
| 24:36 | Create | Villager (Male) |
| 24:36 | Create | Villager (Male) |
| 24:37 | Create | Villager (Male) |
| 24:37 | Create | Villager (Male) |
| 24:37 | Create | Villager (Male) |
Build order — Forcewiz
First 150 of 274 actions detected
| 0:11 | Build | Dock |
| 2:50 | Build | House |
| 2:51 | Build | House |
| 2:57 | Build | Town Center |
| 3:46 | Create | Villager (Male) |
| 3:46 | Create | Villager (Male) |
| 3:47 | Create | Villager (Male) |
| 3:47 | Create | Villager (Male) |
| 3:47 | Create | Villager (Male) |
| 3:47 | Create | Villager (Male) |
| 3:50 | Create | Fishing Ship |
| 4:26 | Create | Fishing Ship |
| 4:42 | Build | House |
| 4:44 | Create | Villager (Male) |
| 5:31 | Create | Villager (Male) |
| 5:32 | Create | Fishing Ship |
| 5:44 | Create | Villager (Male) |
| 6:05 | Create | Villager (Male) |
| 6:06 | Create | Villager (Male) |
| 6:07 | Create | Fishing Ship |
| 6:34 | Build | House |
| 6:40 | Create | Villager (Male) |
| 6:41 | Create | Villager (Male) |
| 6:51 | Build | House |
| 7:08 | Create | Fishing Ship |
| 7:51 | Build | Mill |
| 7:55 | Create | Fishing Ship |
| 8:51 | Create | Fishing Ship |
| 8:55 | Research | Feudal Age |
| 8:55 | Research | Feudal Age |
| 9:23 | Build | Mining Camp |
| 9:47 | Create | Villager (Male) |
| 9:47 | Create | Villager (Male) |
| 10:56 | Create | Villager (Male) |
| 11:00 | Build | Barracks |
| 11:05 | Age | Feudal Age |
| 11:26 | Build | Blacksmith |
| 12:16 | Build | Stable |
| 12:29 | Research | Loom |
| 12:32 | Create | Villager (Male) |
| 12:38 | Build | House |
| 12:45 | Research | Castle Age |
| 12:51 | Build | Lumber Camp |
| 13:05 | Research | Scale Barding Armor |
| 13:50 | Research | Double-Bit Axe |
| 13:51 | Research | Gold Mining |
| 13:52 | Research | Gold Mining |
| 13:53 | Create | Fishing Ship |
| 13:57 | Create | Fishing Ship |
| 14:35 | Research | Tech 906 |
| 15:08 | Build | Dock |
| 15:37 | Age | Castle Age |
| 15:38 | Create | Steppe Lancer |
| 15:39 | Create | Steppe Lancer |
| 15:40 | Create | Steppe Lancer |
| 15:48 | Create | Fishing Ship |
| 15:48 | Create | Fishing Ship |
| 15:52 | Research | Bow Saw |
| 16:14 | Create | Fishing Ship |
| 16:21 | Build | Town Center |
| 16:34 | Create | Villager (Male) |
| 16:38 | Research | Loom |
| 16:39 | Research | Loom |
| 17:13 | Build | House |
| 17:13 | Build | House |
| 17:14 | Build | House |
| 17:14 | Build | House |
| 17:28 | Create | Villager (Male) |
| 17:28 | Create | Villager (Male) |
| 17:38 | Create | Steppe Lancer |
| 17:38 | Create | Steppe Lancer |
| 17:51 | Build | Farm |
| 17:53 | Build | Farm |
| 17:55 | Build | Farm |
| 18:14 | Create | Steppe Lancer |
| 18:15 | Research | Bloodlines |
| 18:23 | Create | Villager (Male) |
| 18:23 | Create | Villager (Male) |
| 18:53 | Create | Villager (Male) |
| 18:54 | Create | Villager (Male) |
| 18:57 | Create | Fishing Ship |
| 18:57 | Create | Fishing Ship |
| 19:00 | Create | Fishing Ship |
| 19:00 | Create | Fishing Ship |
| 19:07 | Create | Steppe Lancer |
| 19:10 | Create | Villager (Male) |
| 19:37 | Create | Villager (Male) |
| 19:38 | Create | Villager (Male) |
| 19:41 | Create | Steppe Lancer |
| 20:04 | Create | Villager (Male) |
| 20:04 | Create | Villager (Male) |
| 20:20 | Build | Stable |
| 20:36 | Create | Villager (Male) |
| 20:36 | Create | Villager (Male) |
| 20:41 | Research | Horse Collar |
| 20:41 | Research | Horse Collar |
| 20:42 | Create | Villager (Male) |
| 20:42 | Create | Villager (Male) |
| 20:43 | Create | Fishing Ship |
| 21:02 | Create | Steppe Lancer |
| 21:30 | Research | Husbandry |
| 21:31 | Create | Villager (Male) |
| 21:31 | Create | Villager (Male) |
| 21:36 | Build | Farm |
| 21:38 | Build | Farm |
| 21:39 | Build | Farm |
| 21:41 | Build | Farm |
| 21:42 | Create | Villager (Male) |
| 21:42 | Create | Villager (Male) |
| 21:49 | Build | Farm |
| 21:50 | Build | Farm |
| 21:51 | Build | Farm |
| 22:24 | Research | Chain Barding Armor |
| 22:24 | Research | Chain Barding Armor |
| 22:27 | Create | Villager (Male) |
| 22:28 | Create | Villager (Male) |
| 23:03 | Create | Villager (Male) |
| 23:03 | Create | Villager (Male) |
| 23:04 | Create | Villager (Male) |
| 23:08 | Build | House |
| 23:09 | Build | House |
| 23:09 | Build | House |
| 23:09 | Build | House |
| 23:10 | Build | House |
| 23:10 | Build | House |
| 23:10 | Build | House |
| 23:11 | Build | House |
| 23:13 | Build | Town Center |
| 23:15 | Research | Wheelbarrow |
| 23:22 | Research | Wheelbarrow |
| 23:23 | Create | Villager (Male) |
| 23:24 | Create | Villager (Male) |
| 23:45 | Create | Steppe Lancer |
| 23:48 | Create | Villager (Male) |
| 23:48 | Create | Villager (Male) |
| 24:06 | Create | Steppe Lancer |
| 24:06 | Create | Steppe Lancer |
| 24:09 | Create | Villager (Male) |
| 24:09 | Create | Villager (Male) |
| 24:15 | Build | Farm |
| 24:16 | Build | Farm |
| 24:17 | Build | Farm |
| 24:22 | Build | Farm |
| 24:23 | Build | Farm |
| 24:25 | Build | Farm |
| 24:28 | Create | Villager (Male) |
| 24:46 | Create | Steppe Lancer |
| 24:48 | Create | Villager (Male) |
| 24:53 | Build | House |
| 24:54 | Build | House |
Match timeline
| 0:09 | Coolman916 · first_building Dock |
| 0:11 | Forcewiz · first_building Dock |
| 0:14 | JosephAoE · first_building Dock |
| 0:30 | 3L GR4N JUJA · first_building Dock |
| 0:32 | BIG POPPA · first_building Dock |
| 1:47 | [G4]DMenisDenisTTV · first_building Dock |
| 2:12 | pachecristo · wall_segment Palisade Wall x1 |
| 2:13 | pachecristo · wall_segment Palisade Wall x1 |
| 2:14 | pachecristo · wall_segment Palisade Wall x1 |
| 2:15 | pachecristo · wall_segment Palisade Wall x1 |
| 2:15 | pachecristo · wall_segment Palisade Wall x1 |
| 2:16 | pachecristo · wall_segment Palisade Wall x1 |
| 2:16 | pachecristo · wall_segment Palisade Wall x1 |
| 2:17 | pachecristo · wall_segment Palisade Wall x1 |
| 2:17 | pachecristo · wall_segment Palisade Wall x1 |
| 2:18 | pachecristo · wall_segment Palisade Wall x2 |
| 2:18 | pachecristo · wall_segment Palisade Wall x1 |
| 2:18 | pachecristo · wall_segment Palisade Wall x1 |
| 2:28 | pachecristo · first_building Dock |
| 3:56 | 3L GR4N JUJA · wall_segment Palisade Wall x1 |
| 3:57 | 3L GR4N JUJA · wall_segment Palisade Wall x1 |
| 4:48 | BIG POPPA · wall_segment Palisade Wall x8 |
| 5:18 | pachecristo · wall_segment Palisade Wall x1 |
| 5:23 | pachecristo · wall_segment Palisade Wall x1 |
| 5:25 | BIG POPPA · wall_segment Palisade Wall x7 |
| 6:20 | BIG POPPA · wall_segment Palisade Wall x4 |
| 6:31 | JosephAoE · wall_segment Palisade Wall x5 |
| 7:18 | BIG POPPA · wall_segment Palisade Wall x7 |
| 7:22 | BIG POPPA · wall_segment Palisade Wall x13 |
| 7:36 | BIG POPPA · wall_segment Palisade Wall x4 |
| 7:50 | JosephAoE · wall_segment Palisade Wall x5 |
| 7:51 | JosephAoE · wall_segment Palisade Wall x2 |
| 8:24 | 3L GR4N JUJA · age_up feudal |
| 9:00 | Juunku · wall_segment Palisade Wall x6 |
| 9:33 | Coolman916 · wall_segment Palisade Wall x11 |
| 9:39 | Coolman916 · wall_segment Palisade Wall x8 |
| 9:54 | [G4]DMenisDenisTTV · age_up feudal |
| 10:00 | JosephAoE · first_building Barracks |
| 10:18 | Juunku · wall_segment Palisade Wall x1 |
| 10:21 | Juunku · wall_segment Palisade Wall x1 |
| 10:23 | Juunku · wall_segment Palisade Wall x1 |
| 10:28 | Coolman916 · wall_segment Palisade Wall x7 |
| 10:29 | Coolman916 · wall_segment Palisade Wall x1 |
| 10:31 | JosephAoE · age_up feudal |
| 10:36 | Juunku · wall_segment Palisade Wall x7 |
| 10:47 | JosephAoE · first_building Archery Range |
| 10:54 | Coolman916 · age_up feudal |
| 10:56 | BIG POPPA · age_up feudal |
| 11:00 | Forcewiz · first_building Barracks |
| 11:01 | Coolman916 · wall_segment Palisade Wall x7 |
| 11:05 | Forcewiz · age_up feudal |
| 11:22 | Coolman916 · wall_segment Palisade Wall x5 |
| 11:23 | Coolman916 · wall_segment Palisade Wall x4 |
| 11:35 | [G4]DMenisDenisTTV · wall_segment Palisade Wall x1 |
| 11:35 | pachecristo · age_up feudal |
| 11:37 | BIG POPPA · wall_segment Palisade Wall x1 |
| 11:43 | Juunku · wall_segment Palisade Wall x2 |
| 11:52 | BIG POPPA · first_building Barracks |
| 12:16 | Forcewiz · first_building Stable |
| 12:26 | Juunku · wall_segment Palisade Wall x9 |
| 12:46 | [G4]DMenisDenisTTV · wall_segment Palisade Wall x8 |
| 13:43 | BIG POPPA · first_building Stable |
| 13:49 | BIG POPPA · wall_segment Palisade Wall x6 |
| 14:28 | Juunku · age_up feudal |
| 14:28 | 3L GR4N JUJA · age_up castle |
| 14:40 | 3L GR4N JUJA · first_market_buy 100 stone |
| 14:42 | Juunku · wall_segment Palisade Wall x1 |
| 14:45 | [G4]DMenisDenisTTV · first_market_sell 100 wood |
| 14:47 | Coolman916 · wall_segment Palisade Wall x1 |
| 14:50 | 3L GR4N JUJA · first_building Castle |
| 14:54 | 3L GR4N JUJA · wall_segment Palisade Wall x1 |
| 15:03 | BIG POPPA · wall_segment Palisade Wall x3 |
| 15:05 | JosephAoE · age_up castle |
| 15:19 | JosephAoE · first_building Siege Workshop |
| 15:29 | [G4]DMenisDenisTTV · first_building Barracks |
| 15:37 | Forcewiz · age_up castle |
| 15:40 | pachecristo · first_market_buy 100 wood |
| 15:57 | Juunku · first_market_buy 100 food |
| 16:06 | pachecristo · first_building Barracks |
| 16:11 | 3L GR4N JUJA · first_market_sell 100 stone |
| 16:21 | [G4]DMenisDenisTTV · first_building Archery Range |
| 16:43 | [G4]DMenisDenisTTV · age_up castle |
| 16:54 | Coolman916 · wall_segment Palisade Wall x1 |
| 17:00 | Juunku · wall_segment Palisade Wall x1 |
| 17:17 | BIG POPPA · wall_segment Palisade Wall x5 |
| 17:18 | pachecristo · first_building Stable |
| 17:38 | pachecristo · age_up castle |
| 17:45 | pachecristo · wall_segment Palisade Wall x1 |
| 17:52 | pachecristo · wall_segment Palisade Wall x2 |
| 17:55 | pachecristo · wall_segment Palisade Wall x2 |
| 17:59 | pachecristo · wall_segment Palisade Wall x1 |
| 18:28 | Juunku · age_up castle |
| 18:34 | Coolman916 · first_market_sell 100 wood |
| 18:35 | Coolman916 · first_market_buy 100 food |
| 18:40 | BIG POPPA · age_up castle |
| 19:06 | pachecristo · first_market_sell 500 stone |
| 19:33 | Coolman916 · wall_segment Stone Wall x1 |
| 19:36 | Coolman916 · wall_segment Stone Wall x1 |
| 21:35 | JosephAoE · first_market_buy 100 stone |
| 21:54 | [G4]DMenisDenisTTV · first_market_buy 100 food |
| 22:00 | Coolman916 · wall_segment Palisade Wall x1 |
| 22:55 | Juunku · first_building Monastery |
| 23:23 | Juunku · first_market_sell 100 wood |
| 24:55 | Coolman916 · wall_segment Palisade Wall x1 |
| 25:42 | [G4]DMenisDenisTTV · first_building Monastery |
| 26:09 | Forcewiz · first_building Siege Workshop |
| 26:39 | pachecristo · first_building Castle |
| 27:00 | Juunku · first_building Barracks |
| 27:07 | pachecristo · wall_segment Palisade Wall x1 |
| 27:14 | [G4]DMenisDenisTTV · first_building Stable |
| 27:48 | Coolman916 · age_up castle |
| 28:32 | pachecristo · first_building Siege Workshop |
| 29:18 | Forcewiz · first_market_buy 100 stone |
| 29:27 | 3L GR4N JUJA · age_up imperial |
| 29:34 | Forcewiz · first_building Castle |
| 30:21 | Coolman916 · wall_segment Palisade Wall x1 |
| 31:11 | Juunku · first_building Castle |
| 31:59 | Coolman916 · wall_segment Palisade Wall x1 |
| 32:04 | Coolman916 · wall_segment Palisade Wall x1 |
| 33:20 | Juunku · wall_segment Palisade Wall x1 |
| 34:27 | JosephAoE · first_market_sell 100 wood |
| 34:47 | Forcewiz · first_building Archery Range |
| 34:52 | Juunku · resign |
| 35:22 | BIG POPPA · first_market_sell 500 food |
| 35:34 | BIG POPPA · age_up imperial |
[ AI ANALYSIS · 1 CREDIT ]
What really happened in this match?
Wolo.gg analyzes every decision: build order, eco, micro, common mistakes by bracket. Personalized analysis on WhatsApp or Discord in 30 seconds.
Civ guide
Vikings
Perfil
Jugador #44280